 Dungeon Crawl Stone Soup version 0.29.0-4-gdea44cf6ec (webtiles) character file.

Game seed: 3148921378277606805

3730 qw the Cleaver (level 10, 0/80 HPs)
             Began as a Formicid Cinder Acolyte on Sept 4, 2022.
             Was a Believer of Ignis.
             Slain by an orange demon (1 damage)
             ... led by Amaemon
             ... on level 8 of the Dungeon.
             The game lasted 00:02:50 (10262 turns).

qw the Cleaver (Formicid Cinder Acolyte)           Turns: 10262, Time: 00:02:50

Health: 0/80       AC: 22    Str: 24    XL:     10   Next: 36%
Magic:  3/3        EV: 11    Int: 13    God:    Ignis [**....]
Gold:   378        SH:  5    Dex:  9    Spells: 11/11 levels left

rFire   + . .      SeeInvis +   q - +3 broad axe "Lukaakh" {antimagic, Contam rN++}
rCold   . . .      Faith    .   (no shield)
rNeg    + + .      Spirit   .   t - +0 plate armour
rPois   +          Reflect  +   (helmet unavailable)
rElec   .          Harm     .   f - +0 cloak
rCorr   .          Rampage  .   (no gloves)
Will    +....                   s - +0 pair of boots
Stlth   ..........              p - amulet of reflection
HPRegen 0.23/turn               b - +4 ring of evasion
MPRegen 0.08/turn               d - ring of poison resistance

@: lethally poisoned (0 -> -10), weakened, fiery-armoured
A: permanent stasis, dig shafts and tunnels, antennae 3, four strong arms,
MP-powered wands
a: Dig, Shaft Self, Renounce Religion, Fiery Armour, Foxfire Swarm, Rising Flame


You were on level 8 of the Dungeon.
You worshipped Ignis.
Ignis was pleased with you.
You visited 1 branch of the dungeon, and saw 8 of its levels.

You collected 378 gold pieces.


Innate Abilities, Weirdness & Mutations

You cannot be hasted, slowed, berserked, paralysed or teleported.
You can dig through walls and to a lower floor.
You have a pair of large antennae on your head. (SInv)
Your four strong arms can wield two-handed weapons with a shield.
You expend magic power (3 MP) to strengthen your wands.


   Skills:
 - Level 8.1 Fighting
 + Level 11.3 Axes
 - Level 1.1 Throwing
 - Level 6.3 Armour
 - Level 1.0 Dodging
 - Level 1.1 Spellcasting
 - Level 3.0 Fire Magic


You had 11 spell levels left.
You didn't know any spells.
Your spell library contained the following spells:

 Spells                   Type           Power      Damage    Failure   Level
 Scorch                   Fire           16%        2d6       87%         2

Inventory:

Hand Weapons
 a - a -1 hand axe of flaming
 q - the +3 broad axe "Lukaakh" (weapon) {antimagic, Contam rN++}
   (You acquired it on level 4 of the Dungeon)

   It reduces the magical energy of the wielder, and disrupts the spells and
   magical abilities of those it strikes.
   Natural abilities and divine invocations are not affected.
   rN:        It greatly protects you from negative energy.
   Contam:    It causes magical contamination when unequipped.
Missiles
 j - 4 boomerangs (quivered)
Armour
 c - the +2 ring mail "Bauw" {rF++ rN+ rCorr Str-4}
   (You found it on level 2 of the Dungeon)

   Str:       It affects your strength (-4).
   rF:        It greatly protects you from fire.
   rN:        It protects you from negative energy.
   rCorr:     It protects you from acid and corrosion.
 f - a +0 cloak (worn)
 s - a +0 pair of boots (worn)
 t - a +0 plate armour (worn)
Jewellery
 b - a +4 ring of evasion (left hand)
 d - a ring of poison resistance (right hand)
 p - an amulet of reflection (around neck)
 r - a +6 ring of dexterity
Scrolls
 l - a scroll of identify
 m - a scroll of enchant weapon
Potions
 i - 2 potions of resistance
 k - a potion of mutation
 n - a potion of haste
 u - a potion of ambrosia {unknown}

Dungeon Overview and Level Annotations

Branches:
Dungeon (8/15)             Temple (0/1) D:4
   Lair: D:8-11

Altars:

Annotations:
D:7 1 runed translucent door, Crazy Yiuf


Message History

The orange demon stings you but does no damage.
The orange demon is burned by your cloak of flames.
The orange demon is moderately wounded.
The orange demon completely misses you. The wight hits you but does no damage.
You hit the orange demon.
The orange demon is moderately wounded.
You hit the wight. You slash the kobold brigand!
You feel extremely sick.
A kobold comes into view. It is wielding a +0 short sword.
The kobold brigand hits you but does no damage.
The kobold brigand is burned by your cloak of flames.
The kobold brigand is severely wounded.
A wight comes into view. It is wielding a +3 spear.
You block the wight's attack. The orange demon completely misses you.
The orange demon barely misses you.
The kobold shouts!
You slash the kobold brigand!
You kill the kobold brigand!
You slash the wight! You barely miss the orange demon.
You feel very sick.
A kobold comes into view.
It is wielding a +0 whip and quivering poisoned darts.
You block the orange demon's attack. The orange demon closely misses you.
The wight hits you but does no damage.
The wight is burned by your cloak of flames.
You destroy the wight!
Your Fighting skill increases to level 8!
You barely miss the orange demon.
The orange demon is moderately wounded.
You feel very sick.
The kobold shouts!
A kobold comes into view. It is wielding a +0 dagger.
You block the orange demon's attack. The orange demon barely misses you.
You hit the orange demon.
The orange demon is heavily wounded.
You feel very sick. The orange demon stings you!
The orange demon is burned by your cloak of flames.
The orange demon is heavily wounded.
The orange demon hits you.
You die...

..#### #. #K.... ....
.. .#K.z.. ... .#
...K... ..##..# #
....Kz. ...#..#..
.......###.......
......K).#....### ...
....?.4@.)......##...
........#...........#
....#####...........
... #.........### .
#...........##..
###.............
##.#............#
......##..........
..................


You could see an orange demon, 2 wights and 5 kobolds.

Vanquished Creatures
  Amaemon (D:8)
  Joseph (D:7)
  Grinder (D:4)
  A wyvern (D:7)
  2 steam dragons
  An acid dragon (D:7)
  2 water moccasins
  2 sky beasts (D:7)
  An ogre (D:5)
  A centaur (D:7)
  2 kobold brigands
  3 bullfrogs
  A scorpion (D:5)
  A necrophage (D:6)
  A gnoll sergeant (D:7)
  5 wights
  3 electric eels (D:7)
  2 howler monkeys
  4 hounds
  A jelly (D:5)
  A gnoll bouda (D:8)
  2 iguanas (D:5)
  Ijyb (D:5)
  3 orc wizards (D:5)
  15 gnolls
  4 adders
  3 white imps
  An ufetubus (D:7)
  A worm (D:2)
  2 dart slugs (D:2)
  17 orcs
  3 ball pythons
  9 endoplasms
  2 giant cockroaches
  4 goblins
  6 hobgoblins
  4 jackals (D:1)
  10 kobolds
  A quokka (D:1)
  5 bats
  3 frilled lizards
  10 rats
143 creatures vanquished.

Vanquished Creatures (others)
  2 plants (D:7)
2 creatures vanquished.

Grand Total: 145 creatures vanquished

Notes
Turn   | Place    | Note
-------+----------+-------------------------------------------
     0 | D:1      | qw the Formicid Cinder Acolyte began the quest for the Orb.
     0 | D:1      | Reached XP level 1. HP: 18/18 MP: 2/2
     0 | D:1      | 0 ||| qw: Version: 0.1-a-103-gd6f5d3a
     0 | D:1      | 0 ||| qw: Game counter: 5578
     0 | D:1      | 0 ||| qw: Always use a shield: true
     0 | D:1      | 0 ||| qw: God list: Okawaru
     0 | D:1      | 0 ||| qw: Allow faded altars: false
     0 | D:1      | 0 ||| qw: Do Orc after D:15 true
     0 | D:1      | 0 ||| qw: Do second Lair branch before Depths: true
     0 | D:1      | 0 ||| qw: Lair rune preference: random
     0 | D:1      | 0 ||| qw: Plans: Normal
     0 | D:1      | 0 ||| PLANNING D:1-11
   114 | D:1      | Found a faded altar of an unknown god.
   114 | D:1      | Noticed an orange demon
   325 | D:1      | Reached XP level 2. HP: 19/24 MP: 3/3
   738 | D:1      | Reached skill level 4 in Axes
   738 | D:1      | Reached XP level 3. HP: 28/29 MP: 4/4
   783 | D:1      | 783 ||| Stepping ~*~*~tactically~*~*~ (stealth).
   785 | D:1      | 785 ||| Stepping ~*~*~tactically~*~*~ (stealth).
   788 | D:1      | 788 ||| Stepping ~*~*~tactically~*~*~ (stealth).
   789 | D:1      | 789 ||| Stepping ~*~*~tactically~*~*~ (stealth).
   800 | D:1      | 800 ||| Stepping ~*~*~tactically~*~*~ (stealth).
   809 | D:1      | 809 ||| Stepping ~*~*~tactically~*~*~ (stealth).
   826 | D:1      | 826 ||| INVOKING Fiery Armour.
   828 | D:1      | Reached skill level 1 in Dodging
  1402 | D:1      | 1402 ||| UPGRADING to +0 ring mail.
  1412 | D:1      | 1412 ||| DROPPING +0 robe.
  1413 | D:1      | 1413 ||| READING 3 scrolls labelled QAMOSA WIARGHAPT.
  1414 | D:1      | 1414 ||| READING scroll labelled USACIFE AT IRCH.
  1415 | D:1      | 1415 ||| READING scroll labelled YFYDGH MIBBAE.
  1416 | D:1      | 1416 ||| DROPPING 2 scrolls of noise.
  1474 | D:2      | 1474 ||| Stepping ~*~*~tactically~*~*~ (stealth).
  1486 | D:2      | 1486 ||| Stepping ~*~*~tactically~*~*~ (stealth).
  1490 | D:2      | 1490 ||| Stepping ~*~*~tactically~*~*~ (stealth).
  1595 | D:2      | Reached skill level 1 in Armour
  1624 | D:2      | 1624 ||| Stepping ~*~*~tactically~*~*~ (hiding).
  1751 | D:2      | Identified the +2 ring mail "Bauw" {rF++ rN+ rCorr Str-4}
  1818 | D:2      | 1818 ||| Stepping ~*~*~tactically~*~*~ (hiding).
  1826 | D:2      | Reached XP level 4. HP: 35/35 MP: 5/5
  2477 | D:2      | 2477 ||| UPGRADING to +2 ring mail "Bauw" {rF++ rN+ rCorr
                  | Str-4}.
  2487 | D:2      | 2487 ||| UPGRADING to amulet of guardian spirit.
  2492 | D:2      | 2492 ||| UPGRADING to +4 ring of evasion.
  2493 | D:2      | 2493 ||| READING scroll labelled BEIR SE PIEST.
  2494 | D:2      | 2494 ||| READING scroll labelled ISMAGH FAFEOB.
  2595 | D:2      | 2595 ||| DRINKING 2 sedimented dark potions.
  2595 | D:2      | Gained mutation: You occasionally lose the ability to read
                  | scrolls when taking damage. [potion of mutation]
  2596 | D:2      | 2596 ||| DRINKING potion of mutation.
  2596 | D:2      | Lost mutation: You occasionally lose the ability to read
                  | scrolls when taking damage. [potion of mutation]
  2596 | D:2      | Gained mutation: You expend magic power (3 MP) to
                  | strengthen your wands. [potion of mutation]
  2748 | D:3      | 2748 ||| Stepping ~*~*~tactically~*~*~ (stealth).
  2754 | D:3      | 2754 ||| Stepping ~*~*~tactically~*~*~ (stealth).
  2755 | D:3      | 2755 ||| Stepping ~*~*~tactically~*~*~ (stealth).
  3054 | D:3      | 3054 ||| Stepping ~*~*~tactically~*~*~ (hiding).
  3057 | D:3      | 3057 ||| INVOKING Fiery Armour.
  3064 | D:3      | Reached skill level 5 in Axes
  3064 | D:3      | Reached XP level 5. HP: 40/41 MP: 4/6
  3662 | D:3      | 3662 ||| SWAPPING to +4 war axe.
  3751 | D:3      | 3751 ||| UPGRADING to amulet of reflection.
  3761 | D:3      | 3761 ||| DROPPING amulet of guardian spirit.
  3762 | D:3      | 3762 ||| READING 4 scrolls labelled TENIPU INALY.
  3763 | D:3      | 3763 ||| DRINKING 2 fuming blue potions.
  3764 | D:3      | 3764 ||| DRINKING 2 inky potions.
  3765 | D:3      | 3765 ||| DROPPING potion of berserk rage.
  3766 | D:3      | 3766 ||| DROPPING 3 scrolls of magic mapping.
  3952 | D:4      | 3952 ||| Stepping ~*~*~tactically~*~*~ (stealth).
  3953 | D:4      | 3953 ||| Stepping ~*~*~tactically~*~*~ (stealth).
  3955 | D:4      | 3955 ||| Stepping ~*~*~tactically~*~*~ (hiding).
  4196 | D:4      | Found a staircase to the Ecumenical Temple.
  4197 | D:4      | Identified the +1 robe of Wonder {Fly Will+ SInv Archmagi}
  4297 | D:4      | Noticed Grinder
  4309 | D:4      | 4309 ||| INVOKING Fiery Armour.
  4322 | D:4      | Killed Grinder
  4323 | D:4      | Reached skill level 6 in Axes
  4323 | D:4      | Reached XP level 6. HP: 24/47 MP: 7/7
  4640 | D:4      | Reached XP level 7. HP: 48/52 MP: 8/8
  4795 | D:4      | 4795 ||| READING scroll labelled UTSAOBRUINA.
  4795 | D:4      | Identified a scroll of acquirement
  4795 | D:4      | 4795 ||| ACQUIRING +3 broad axe "Lukaakh" {antimagic,
                  | Contam rN++}
  4795 | D:4      | Acquired the +3 broad axe "Lukaakh" {antimagic, Contam
                  | rN++}
  4797 | D:4      | 4797 ||| SWAPPING to +3 broad axe "Lukaakh" {antimagic,
                  | Contam rN++}.
  4798 | D:4      | 4798 ||| DROPPING +4 war axe.
  4799 | D:4      | 4799 ||| READING 3 scrolls labelled LUTUSO KYTIN.
  4800 | D:4      | 4800 ||| READING scroll labelled FUALIE HELL.
  4801 | D:4      | 4801 ||| READING scroll labelled VAEHUW WEQ.
  4901 | D:4      | 4901 ||| DRINKING 2 sapphire potions.
  4902 | D:4      | 4902 ||| DRINKING 2 fuming pink potions.
  4903 | D:4      | 4903 ||| READING 2 scrolls of identify.
  4903 | D:4      | 4903 ||| IDENTIFYING lumpy amethyst potion
  4904 | D:4      | 4904 ||| DROPPING potion of magic.
  4905 | D:4      | 4905 ||| DROPPING potion of degeneration.
  4906 | D:4      | 4906 ||| DROPPING potion of flight.
  4907 | D:4      | 4907 ||| DROPPING 2 scrolls of amnesia.
  4943 | D:5      | Entered Level 5 of the Dungeon
  5136 | D:5      | Noticed a water moccasin
  5146 | D:5      | Killed a water moccasin
  5147 | D:5      | Reached skill level 7 in Axes
  5147 | D:5      | 5147 ||| FLEEEEING.
  5148 | D:5      | 5148 ||| FLEEEEING.
  5149 | D:5      | 5149 ||| FLEEEEING.
  5150 | D:5      | 5150 ||| FLEEEEING.
  5151 | D:5      | 5151 ||| FLEEEEING.
  5153 | D:5      | 5153 ||| FLEEEEING.
  5154 | D:5      | 5154 ||| FLEEEEING.
  5155 | D:5      | 5155 ||| FLEEEEING.
  5156 | D:5      | 5156 ||| FLEEEEING.
  5157 | D:5      | 5157 ||| FLEEEEING.
  5158 | D:5      | 5158 ||| FLEEEEING.
  5159 | D:5      | 5159 ||| FLEEEEING.
  5160 | D:5      | 5160 ||| FLEEEEING.
  5161 | D:5      | 5161 ||| FLEEEEING.
  5162 | D:5      | 5162 ||| FLEEEEING.
  5163 | D:5      | 5163 ||| FLEEEEING.
  5164 | D:5      | 5164 ||| FLEEEEING.
  5165 | D:5      | 5165 ||| FLEEEEING.
  5166 | D:5      | 5166 ||| FLEEEEING.
  5167 | D:5      | 5167 ||| FLEEEEING.
  5168 | D:5      | 5168 ||| FLEEEEING.
  5169 | D:5      | 5169 ||| FLEEEEING.
  5170 | D:5      | 5170 ||| FLEEEEING.
  5171 | D:5      | 5171 ||| FLEEEEING.
  5172 | D:5      | 5172 ||| FLEEEEING.
  5173 | D:5      | 5173 ||| FLEEEEING.
  5174 | D:5      | 5174 ||| FLEEEEING.
  5175 | D:5      | 5175 ||| FLEEEEING.
  5176 | D:5      | 5176 ||| STAIRDANCE
  5255 | D:4      | 5255 ||| UPGRADING to +0 cloak.
  5260 | D:4      | 5260 ||| READING scroll labelled JYETAO SOBLIGG.
  5261 | D:4      | 5261 ||| DRINKING 2 bubbling puce potions.
  5309 | D:5      | Reached skill level 1 in Throwing
  5378 | D:5      | 5378 ||| Stepping ~*~*~tactically~*~*~ (hiding).
  5432 | D:5      | Reached skill level 8 in Axes
  5432 | D:5      | Reached XP level 8. HP: 47/61 MP: 3/9
  5880 | D:5      | 5880 ||| DRINKING potion of curing.
  5880 | D:5      | 5880 ||| (to cure confusion)
  6015 | D:5      | Noticed Ijyb
  6037 | D:5      | Killed Ijyb
  6322 | D:5      | 6322 ||| DROPPING +0 ring mail.
  6323 | D:5      | 6323 ||| DROPPING +1 robe of Wonder {Fly Will+ SInv
                  | Archmagi}.
  6324 | D:5      | 6324 ||| UPGRADING to ring of poison resistance.
  6325 | D:5      | 6325 ||| READING 2 scrolls labelled DIFFEYSCH XEUSER.
  6326 | D:5      | 6326 ||| DRINKING 2 cyan potions.
  6327 | D:5      | 6327 ||| DROPPING potion of brilliance.
  6328 | D:5      | 6328 ||| DROPPING scroll of fog.
  6352 | D:6      | 6352 ||| Stepping ~*~*~tactically~*~*~ (stealth).
  6361 | D:6      | 6361 ||| Stepping ~*~*~tactically~*~*~ (stealth).
  7088 | D:6      | 7088 ||| Stepping ~*~*~tactically~*~*~ (stealth).
  7156 | D:6      | 7156 ||| UPGRADING to +0 chain mail.
  7166 | D:6      | 7166 ||| DROPPING +1 ring mail of willpower.
  7167 | D:6      | 7167 ||| UPGRADING to +0 pair of boots.
  7172 | D:6      | 7172 ||| READING scroll labelled XEFAEW AC YKK.
  7173 | D:6      | 7173 ||| READING 3 scrolls of identify.
  7173 | D:6      | 7173 ||| IDENTIFYING black potion
  7174 | D:6      | 7174 ||| READING 2 scrolls of identify.
  7174 | D:6      | 7174 ||| IDENTIFYING red potion
  7175 | D:6      | 7175 ||| DROPPING potion of invisibility.
  7394 | D:7      | 7394 ||| Stepping ~*~*~tactically~*~*~ (stealth).
  7414 | D:7      | 7414 ||| INVOKING Fiery Armour.
  7418 | D:7      | Reached skill level 3 in Armour
  7598 | D:7      | Noticed a wyvern
  7602 | D:7      | Killed a wyvern
  7603 | D:7      | Reached skill level 9 in Axes
  7608 | D:7      | Reached XP level 9. HP: 34/68 MP: 3/10
  7608 | D:7      | 7608 ||| INVOKING Fiery Armour.
  7613 | D:7      | Reached skill level 6 in Fighting
  7843 | D:7      | 7843 ||| FLEEEEING.
  8017 | D:7      | 8017 ||| FLEEEEING.
  8084 | D:7      | 8084 ||| INVOKING Fiery Armour.
  8327 | D:7      | Reached skill level 10 in Axes
  8438 | D:7      | 8438 ||| Stepping ~*~*~tactically~*~*~ (hiding).
  8439 | D:7      | 8439 ||| Stepping ~*~*~tactically~*~*~ (stealth).
  8442 | D:7      | Noticed Joseph
  8454 | D:7      | Killed Joseph
  8576 | D:7      | 8576 ||| Stepping ~*~*~tactically~*~*~ (hiding).
  8584 | D:7      | 8584 ||| Stepping ~*~*~tactically~*~*~ (hiding).
  8591 | D:7      | 8591 ||| INVOKING Fiery Armour.
  8943 | D:7      | Found a runed translucent door.
  8944 | D:7      | Noticed Crazy Yiuf
  9301 | D:7      | 9301 ||| UPGRADING to +0 plate armour.
  9311 | D:7      | 9311 ||| DROPPING +0 chain mail.
  9312 | D:7      | 9312 ||| DROPPING ring of positive energy.
  9313 | D:7      | 9313 ||| READING scroll labelled EZXUFO XEYTA.
  9314 | D:7      | 9314 ||| READING 2 scrolls of identify.
  9314 | D:7      | 9314 ||| IDENTIFYING fizzy white potion
  9407 | D:8      | 9407 ||| INVOKING Fiery Armour.
  9423 | D:8      | 9423 ||| Stepping ~*~*~tactically~*~*~ (hiding).
  9424 | D:8      | 9424 ||| FLEEEEING.
  9425 | D:8      | 9425 ||| STAIRDANCE
  9683 | D:8      | 9683 ||| STAIRDANCE
  9690 | D:7      | Reached skill level 6 in Armour
  9690 | D:7      | Reached XP level 10. HP: 61/80 MP: 3/11
  9953 | D:8      | 9953 ||| STAIRDANCE
 10235 | D:8      | Noticed Amaemon
 10236 | D:8      | 10236 ||| Stepping ~*~*~tactically~*~*~ (stealth).
 10238 | D:8      | 10238 ||| Stepping ~*~*~tactically~*~*~ (hiding).
 10239 | D:8      | Noticed an orange demon
 10254 | D:8      | 10254 ||| INVOKING Fiery Armour.
 10255 | D:8      | Killed Amaemon
 10256 | D:8      | Reached skill level 11 in Axes
 10256 | D:8      | HP: 20/80 [orange demon[Amaemon] (4)]
 10257 | D:8      | 10257 ||| DRINKING potion of heal wounds.
 10261 | D:8      | HP: 11/80 [poisoned by an orange demon]
 10262 | D:8      | HP: 1/80 [orange demon[Amaemon] (7)]
 10262 | D:8      | Slain by an orange demon

Levels and vault maps discovered:
D:1:      evilmike_arrival_fibonacci_small, layout_loops_corners,
          dreamdust_ecumenical_altar_sealed_demon
D:2:      layout_basic
D:3:      minmay_spotlight, layout_basic, grunt_ministairs_7,
          nicolae_eternal_life, kennysheep_cross_bottleneck,
          chequers_decorated_corner
D:4:      layout_basic, minmay_temple_entry_wispy, uniq_grinder
D:5:      layout_basic, uniq_ijyb
D:6:      layout_basic
D:7:      layout_loops_ring, kennysheep_diamond, serial_bayou_pond_b,
          chequers_serial_rivers_micro_d, grunt_ministairs_15,
          uniq_crazy_yiuf_cottage, uniq_joseph
D:8:      layout_cave_pools, st_stairs_5, uniq_maurice, uniq_amaemon

Skill      XL: |  1  2  3  4  5  6  7  8  9 10 |
---------------+-------------------------------+-----
Axes           | 4 5 6 8 9 10 11 | 11.3
Dodging        | 1 |  1.0
Armour         | 1 4 6 |  6.3
Fighting       | 4 5 7 8 |  8.1
Throwing       | 1 |  1.1
Spellcasting   | |  1.1
Fire Magic     | |  3.0

Action                   |  1- 3 |  4- 6 |  7- 9 | 10-12 || total
-------------------------+-------+-------+-------+-------++-------
Melee: Hand axe          |   104 |    91 |       |       ||   195
       Punch             |     1 |       |       |       ||     1
       War axe           |       |    23 |       |       ||    23
       Broad axe         |       |       |   239 |    32 ||   271
Throw: Boomerang         |       |     3 |    32 |       ||    35
Invok: Fiery Armour      |     1 |     2 |     5 |     1 ||     9
  Use: Scroll            |     3 |     3 |    12 |       ||    18
       Potion            |       |     4 |     5 |     1 ||    10
Armor: Robe              |    10 |       |       |       ||    10
       Ring mail         |     3 |    34 |    33 |       ||    70
       Chain mail        |       |       |    37 |       ||    37
       Plate armour      |       |       |    23 |    42 ||    65
Dodge: Dodged            |    52 |    67 |   145 |    42 ||   306
Block: Other             |       |     3 |    64 |    15 ||    82
       Reflection        |       |     1 |     1 |       ||     2

Table legend:
 A = Non-vault XP
 B = Vault XP
 C = Vault XP percentage of total XP
 D = Non-vault monster count
 E = Vault monster count
 F = Vault count percentage of total count
                 A         B        C        D         E       F
            +---------+---------+-------+---------+---------+-------
      Total |    2959 |    2370 |  44.5 |     125 |      18 |  12.6
            +---------+---------+-------+---------+---------+-------
        D:1 |      48 |       0 |   0.0 |      29 |       0 |   0.0
        D:2 |      49 |       0 |   0.0 |      19 |       0 |   0.0
        D:3 |      78 |      11 |  12.4 |       9 |       6 |  40.0
        D:4 |      61 |     286 |  82.4 |       5 |       1 |  16.7
        D:5 |     725 |      35 |   4.6 |      22 |       1 |   4.3
        D:6 |     301 |       0 |   0.0 |      11 |       0 |   0.0
        D:7 |    1036 |    1281 |  55.3 |      18 |       8 |  30.8
        D:8 |     661 |     757 |  53.4 |      12 |       2 |  14.3
            +---------+---------+-------+---------+---------+-------
